 Dungeon Crawl Stone Soup version 0.30-b1-2-g02819fbbbe (webtiles) character file.

Game seed: 7110660109786951890

8 Alarkh the Charlatan (level 2, 7/22 HPs)
             Began as a Demonspawn Artificer on Nov 22, 2023.
             Got out of the dungeon alive.
             The game lasted 00:00:14 (246 turns).

Alarkh the Charlatan (Demonspawn Artificer)          Turns: 246, Time: 00:00:14

Health: 7/22       AC:  3    Str: 12    XL:     2   Next: 0%
Magic:  2/2        EV: 11    Int: 12    God:
Gold:   15         SH:  0    Dex: 13    Spells: 1/1 levels left

rFire   . . .        a - +0 club
rCold   . . .        (no shield)
rNeg    . . .        b - +0 leather armour
rPois   .            (helmet restricted)
rElec   .            (no cloak)
rCorr   .            (no gloves)
SInv    .            (no boots)
Will    .....        (no amulet)
Stlth   +            (no ring)
HPRegen 0.23/turn    (no ring)
MPRegen 0.08/turn

%: no passive effects
@: no status effects
A: horns 1
a: no special abilities


You escaped.
You visited 1 branch of the dungeon, and saw 1 of its levels.

You collected 15 gold pieces.

Inventory:

Hand Weapons
 a - a +0 club (weapon)
Armour
 b - a +0 leather armour (worn)
Wands
 c - a wand of flame (13) (quivered)
 d - a wand of charming (15)
 e - a wand of iceblast (5)
Scrolls
 f - a scroll of blinking {unknown}
 j - a scroll of noise {unknown}
 k - 2 scrolls of teleportation {unknown}
Potions
 g - a potion of brilliance {unknown}
 h - a potion of haste {unknown}
 i - a potion of curing {unknown}


   Skills:
 + Level 2.1 Fighting
 - Level 1.7 Armour
 - Level 0.8 Dodging
 - Level 0.8 Stealth
 - Level 3.0 Evocations


You had one spell level left.
You didn't know any spells.
Your spell library contained the following spells:

 Spells                   Type           Power      Damage    Failure   Level
 Magic Dart               Conj           0%         1d3       38%         1
 Searing Ray              Conj           0%         2d4       54%         2
 Fulminant Prism          Conj/Hex       0%         3d5       99%         4


Dungeon Overview and Level Annotations

Branches:
Dungeon (1/15)

Altars:


Innate Abilities, Weirdness & Mutations

You have a pair of small horns on your head.


Message History

The dart slug is heavily wounded.
The dart slug launches a dart at you. The slug dart hits you.
You are too injured to fight recklessly!
You are too injured to fight recklessly!
You are too injured to fight recklessly!
You are too injured to fight recklessly!
You are too injured to fight recklessly!
You are too injured to fight recklessly!
You are too injured to fight recklessly!
You are too injured to fight recklessly!
There are monsters nearby!
You hit the dart slug but do no damage.
The dart slug is heavily wounded.
The dart slug misses you.
Aiming: Throw Flame
Press: ? - help, Shift-Dir - straight line, f - dart slug
Aim: a dart slug (heavily wounded, 100% to hit)
The puff of flame hits the dart slug!
You kill the dart slug!
Your Fighting skill increases to level 2!
You hit the rat but do no damage. The rat bites you.
* * * LOW HITPOINT WARNING * * *
You hit the rat but do no damage. The rat barely misses you.
You hit the rat.
The rat is heavily wounded.
The rat bites you.
* * * LOW HITPOINT WARNING * * *
The rat bites you but does no damage.
Aiming: Throw Flame
Press: ? - help, Shift-Dir - straight line, f - rat
Aim: a rat (heavily wounded, 71% to hit)
The puff of flame hits the rat!
You kill the rat!
You have reached level 2!
Your demonic ancestry asserts itself...
A pair of horns grows on your head!
There is a staircase leading out of the dungeon here.
Are you sure you want to leave the Dungeon?
This will make you lose the game!
You have escaped!

.# .# ######### #.#.....##.######
.#.. ........# #................
.#.# #.#####.#####.###.##..#####
...# ##.###.## #..†..#### ...#
#.### ##.#.## ##.#.....[#
...####.#..# ##.## #......##.##
##.#......#.###.#.###.#..##.##...
.#.#.#..## #.#.#.#.#.##.....##..#
.#.#.#...# ##.#.@.#.# #..#####..#
.#.#.....###.#.#.#.#.##...####..#
...#.#...##.###.#.###.##....##..#
...........## ##.## #.#.##.##..#
.....#......###.#.###....##[....#
##.#.#.#.##.##.###.#......#....>#
#..#..........#####..#######.#.##
#..###.#..#................#.#.##
...# #.#..#.#.#..#.#.............


There were no monsters in sight!

Vanquished Creatures
  A dart slug (D:1)
  A ball python (D:1)
  An endoplasm (D:1)
  A goblin (D:1)
  A frilled lizard (D:1)
  A rat (D:1)
6 creatures vanquished.

Notes
Turn   | Place    | Note
-------+----------+-------------------------------------------
     0 | D:1      | Alarkh the Demonspawn Artificer began the quest for the
                  | Orb.
     0 | D:1      | Reached XP level 1. HP: 15/15 MP: 1/1
   227 | D:1      | Gained mutation: You have a pair of small horns on your
                  | head. [demonic ancestry]
   227 | D:1      | Reached XP level 2. HP: 3/22 MP: 2/2
   246 | D:$      | Got out of the dungeon alive.

Illustrated notes

Levels and vault maps discovered:
D:1:      minmay_arrival_diagonal_passages, layout_basic

Skill      XL: |  1 |
---------------+----+-----
Fighting       | 2 |  2.1
Armour         | |  1.7
Dodging        | |  0.8
Stealth        | |  0.8
Evocations     | |  3.0

Action                     || total
---------------------------++-------
  Melee: Club              ||    20
  Evoke: Wand              ||     2
   Stab: Sleeping          ||     1
 Armour: Leather armour    ||     6
  Dodge: Dodged            ||    17
